Cogmind - Beta 12 @@@ ROGUE MODE // 2023.10.22 @ 22:38:06 Player: Figgis Result: Destroyed by 8R-AWN with 8R-AWN's Boregun Performance ------------- Evolutions (1) 500 Regions Visited (5) 1000 Robots Destroyed (45) 225 Value Destroyed (1278) 1278 Prototype IDs (27) 540 Alien Tech Used (0) 0 Bonus (-109) -109 TOTAL SCORE: 3434 Bonus ------- Follower Combat Kills 66 Aligned with FarCom 300 Friendly Fire -475 Cogmind --------- Core Integrity 0/400 Matter 184/300 Energy 100/100 System Corruption 0% Temperature Cool (0) Movement Core (350) Ox6 Location -9/Exiles Parts ------- > --- POWER (1) -------- (None) > --- PROPULSION (2) --- (None) > --- UTILITY (3) ------ Large Storage Unit Improved Sensor Array > --- WEAPON (3) ------- (None) > --- INVENTORY (15) --- Nuclear Core Nuclear Core Nuclear Core High-capacity Matter Pod (0) Insulated Plating Peak State ------------ > --- POWER ------------ Nuclear Core > --- PROPULSION ------- Carbon-fiber Leg Carbon-fiber Leg > --- UTILITY ---------- Large Storage Unit Decoy Drone Bay > --- WEAPON ----------- Heavy Assault Rifle Heavy Assault Rifle Improved Assault Rifle > --- INVENTORY -------- Nuclear Core Nuclear Core Nuclear Core Carbon-fiber Leg Carbon-fiber Leg Improved Sensor Array Medium Armor Plating Insulated Plating Insulated Plating Hardlight Generator Beamcaster [Rating: 34] Favorites ----------- Power Nuclear Core Engine Ion Engine Power Core Nuclear Core Propulsion Carbon-fiber Leg Treads Light Treads Leg Carbon-fiber Leg Utility Medium Armor Plating Device Hardlight Generator Storage Large Storage Unit Protection Medium Armor Plating Weapon Heavy Assault Rifle Energy Gun Beamcaster Energy Cannon Guided Plasma Cannon Ballistic Gun Heavy Assault Rifle Launcher Rocket Launcher Build | -11 -10 -10 -9 -9 -9 ------- Run | Jun Mat Min Mat Min Exi Slots Evolved 2 | . . . 2 . . Power . | . . . . . . Propulsion . | . . . . . . Utility 1 | . . . 1 . . Weapon 1 | . . . 1 . . Parts Attached 46 | 3 7 3 14 3 16 Power 4 | 1 1 1 1 . . Engine 3 | 1 1 1 . . . Core 1 | . . . 1 . . Reactor . | . . . . . . Propulsion 8 | 2 . . 3 1 2 Treads 3 | 2 . . 1 . . Leg 5 | . . . 2 1 2 Wheel . | . . . . . . Hover . | . . . . . . Flight . | . . . . . . Utility 17 | . 2 1 5 1 8 Device 4 | . . . 1 . 3 Storage 4 | . 1 . 2 . 1 Processor . | . . . . . . Hackware . | . . . . . . Protection 9 | . 1 1 2 1 4 Artifact . | . . . . . . Weapon 17 | . 4 1 5 1 6 Energy Gun 1 | . . . . . 1 Energy Cannon 2 | . . . . . 2 Ballistic Gun 12 | . 4 1 5 1 1 Ballistic Cannon . | . . . . . . Launcher 2 | . . . . . 2 Special Weapon . | . . . . . . Impact Weapon . | . . . . . . Slashing Weapon . | . . . . . . Piercing Weapon . | . . . . . . Special Melee Weapon . | . . . . . . Unidentified Prototypes 2 | . . . 1 . 1 Parts Lost 20 | . . 3 2 . 15 Power 2 | . . 1 . . 1 Propulsion 5 | . . . 1 . 4 Utility 6 | . . 1 1 . 4 Weapon 7 | . . 1 . . 6 Highest Loss Streak 15 | . . 2 1 . 15 To Critical Strikes 6 | . . . . . 6 Average Slot Usage (%) 97 | . 84 99 97 99 95 Engine 6 | . 14 13 5 . . Core 5 | . . . 5 11 10 Treads 12 | . 28 28 8 . . Leg 11 | . . . 13 22 20 Device 5 | . . . 5 11 10 Storage 11 | . 8 14 11 11 11 Protection 12 | . 5 14 14 10 10 Ballistic Gun 29 | . 26 28 33 32 29 Naked Turns . | . . . . . . Heaviest Build 48 | 3 23 23 48 48 48 Greatest Support 40 | 3 40 40 40 30 30 Greatest Overweight (x) 6 | . . . 1 2 6 Average Overweight (x) . | . . . . 1 1 Largest Inventory Capacity 15 | 5 8 8 15 15 15 Average Capacity 11 | 5 6 8 10 15 15 Most Carried 15 | 5 8 6 15 15 15 Average Carried 9 | 3 3 5 9 14 12 Final Capacity 15 | 5 8 8 15 15 15 Final Carried 15 | 5 5 6 15 15 5 Class Distribution -------------------- 43% | Mutant 41% | Tank 14% | Scavenger-Tank Dominant Class ---------------- Mutant | -10/Materials Mutant | -10/Mines Tank | -9/Materials Scavenger-Tank | -9/Mines Tank | -9/Exiles Resources | -11 -10 -10 -9 -9 -9 ----------- Run | Jun Mat Min Mat Min Exi Matter Collected 1265 | 229 36 359 544 12 85 Remotely . | . . . . . . Salvage Created 1814 | . 86 705 940 62 21 Parts 114 | . 2 36 75 1 . Haulers Intercepted 1 | . . . 1 . . Recyclers Shooed . | . . . . . . Parts Field Recycled . | . . . . . . Retrieved Matter . | . . . . . . Parts Self-Destructed . | . . . . . . Prevented . | . . . . . . Kills | -11 -10 -10 -9 -9 -9 ------- Run | Jun Mat Min Mat Min Exi Combat Hostiles Destroyed 41 | . 2 16 18 . 5 Guns 37 | . 2 16 18 . 1 AOE 4 | . . . . . 4 Classes Destroyed 12 | . 1 3 7 . 1 Worker 1 | . . . 1 . . Builder 1 | . . . 1 . . Tunneler 1 | . . 1 . . . Hauler 1 | . . . 1 . . Recycler 3 | . . 1 1 1 . Watcher 2 | . . . 2 . . Swarmer 4 | . . 1 3 . . Grunt 26 | . 2 15 9 . . Brawler 1 | . . . 1 . . Duelist 1 | . . . 1 . . Sentry 4 | . . . 4 . . Assembled 7 | . . . . . 7 Best Kill Streak 7 | . 2 7 5 1 5 Combat Bots Only 6 | . 2 6 5 . 5 Max Kills in Single Turn 2 | . 1 2 2 1 2 Gunslinging 1 | . . 1 1 . . Exploded 2 | . . . . . 2 Melee . | . . . . . . Uniques/NPCs Destroyed . | . . . . . . Combat | -11 -10 -10 -9 -9 -9 -------- Run | Jun Mat Min Mat Min Exi Damage Taken 3103 | . 69 658 631 40 1705 Core 432 | . . 30 63 . 339 Absorbed by Shields 248 | . . . 48 . 200 Core Remaining (%) 94 | 100 . 88 . . . Volleys Fired 151 | . 5 47 55 2 42 Largest 3 | . 2 2 3 3 3 Hottest 121 | . 40 46 69 69 121 Shots Fired 320 | . 10 93 145 6 66 Gun 306 | . 10 93 145 6 52 Cannon 9 | . . . . . 9 Launcher 5 | . . . . . 5 Special . | . . . . . . Kinetic 301 | . 10 93 145 6 47 Thermal 14 | . . . . . 14 Explosive 5 | . . . . . 5 Electromagnetic . | . . . . . . Robot Hit Streak 21 | . 4 21 15 2 16 Robot Miss Streak 5 | . 1 3 5 1 2 Penetration Max . | . . . . . . Secondary Targets 6 | . . 2 3 . 1 Max Gunslinging Chain 1 | . . 1 1 . 1 Shots Hit Robots 208 | . 7 65 85 3 48 Core Hits 88 | . 3 25 38 2 20 Critical Kills . | . . . . . . Critical Parts Destroyed . | . . . . . . Critical Strikes 2 | . . . 1 . 1 Destroy 2 | . . . 1 . 1 Melee Attacks . | . . . . . . Impact . | . . . . . . Slashing . | . . . . . . Piercing . | . . . . . . Sneak Attacks . | . . . . . . Combat Hostiles . | . . . . . . Follow-up Attacks . | . . . . . . Damage Inflicted 3667 | . 95 1035 1344 43 1150 Guns 3037 | . 95 1035 1341 43 523 Cannons 190 | . . . . . 190 Explosions 432 | . . . . . 432 Melee . | . . . . . . Ramming 8 | . . . 3 . 5 Kinetic 3033 | . 95 1035 1341 43 519 Thermal 194 | . . . . . 194 Explosive 432 | . . . . . 432 Electromagnetic . | . . . . . . Impact . | . . . . . . Slashing . | . . . . . . Piercing . | . . . . . . Highest Corruption . | . . . . . . Average Corruption . | . . . . . . Corruption Purged . | . . . . . . Corruption Blocked . | . . . . . . Overload Shots . | . . . . . . Overflow Damage 4 | . . . . . 4 Projectiles . | . . . . . . Explosions 4 | . . . . . 4 Melee . | . . . . . . Knockbacks . | . . . . . . Impact . | . . . . . . Kinetic . | . . . . . . Secondary . | . . . . . . Self-Inflicted Damage 32 | . . . . . 32 Shots 1 | . . . . . 1 Rammed 8 | . . . . . 8 Targets Rammed 9 | . . . 1 . 8 Kicked 1 | . . . 1 . . Crushed . | . . . . . . Highest Temperature 372 | . . 47 212 15 372 Average Temperature 93 | . . 13 48 10 191 Received Heat Transfer 608 | . 36 354 218 . . Effects 5 | . . . 3 . 2 Shutdowns 1 | . . . . . 1 Interference 4 | . . . 3 . 1 Siege Activations . | . . . . . . Robots Corrupted . | . . . . . . Combat Hostiles . | . . . . . . Parts Fried . | . . . . . . Impact Corruptions . | . . . . . . Robots Melted . | . . . . . . Combat Hostiles . | . . . . . . Parts Melted . | . . . . . . Heat Transferred 198 | . . . . . 198 Parts Sabotaged . | . . . . . . Parts Stolen . | . . . . . . Parts Stripped . | . . . . . . Power Chain Reactions . | . . . . . . Missiles Intercepted . | . . . . . . Alert | -11 -10 -10 -9 -9 -9 ------- Run | Jun Mat Min Mat Min Exi Peak Influence 385 | . 80 195 385 119 . Initial 114 | . . 31 18 114 . Average 130 | . 46 68 233 115 . Maximum Alert Level 1 | . . . 1 . . Low Security (%) 71 | 100 100 100 21 100 . Level 1 28 | . . . 78 . . Level 2 . | . . . . . . Level 3 . | . . . . . . Level 4 . | . . . . . . Level 5 . | . . . . . . High Security . | . . . . . . Max Security . | . . . . . . Squads Dispatched 6 | . 2 . 4 . . Investigation . | . . . . . . Extermination . | . . . . . . Reinforcement 6 | . 2 . 4 . . Assault . | . . . . . . Garrison . | . . . . . . Intercept . | . . . . . . Searches Triggered . | . . . . . . Construction Impeded 1 | . . . 1 . . Haulers Reinforced . | . . . . . . Active Scanning Responses . | . . . . . . Cargo Convoy Interrupts . | . . . . . . Stealth | -11 -10 -10 -9 -9 -9 --------- Run | Jun Mat Min Mat Min Exi Distress Signals 2 | . . 1 1 . . Communications Jammed . | . . . . . . Distress Signals . | . . . . . . Times Spotted 57 | . 8 15 28 . 6 Peak Tracking Total 7 | . 3 3 5 . 7 Tactical Retreats 1 | . . . 1 . . Traps | -11 -10 -10 -9 -9 -9 ------- Run | Jun Mat Min Mat Min Exi Traps Triggered 3 | . . . 1 2 . Indirectly . | . . . . . . Trap Hack Attempts . | . . . . . . Triggered . | . . . . . . Disarmed . | . . . . . . Reprogrammed . | . . . . . . Reused . | . . . . . . Traps Extracted . | . . . . . . Installed . | . . . . . . Triggered . | . . . . . . Machines | -11 -10 -10 -9 -9 -9 ---------- Run | Jun Mat Min Mat Min Exi Machines Disabled 3 | . . . . . 3 Max in Single Turn 1 | . . . . . 1 Machines Repaired . | . . . . . . Machines Sabotaged . | . . . . . . Overloaded Fab Kills . | . . . . . . Hacking | -11 -10 -10 -9 -9 -9 --------- Run | Jun Mat Min Mat Min Exi Machines Accessed 7 | . . 1 2 1 3 Terminals 2 | . . . 2 . . Fabricators . | . . . . . . Repair Stations . | . . . . . . Recycling Units . | . . . . . . Scanalyzers . | . . . . . . Garrison Access . | . . . . . . Total Hacks 9 | . . 1 4 1 3 Successful 7 | . . 1 2 1 3 Failed 2 | . . . 2 . . Catastrophic . | . . . . . . Database Lockouts . | . . . . . . Manual 3 | . . . 2 . 1 Terminals 4 | . . . 4 . . Fabricators . | . . . . . . Repair Stations . | . . . . . . Recycling Units . | . . . . . . Scanalyzers . | . . . . . . Garrison Access . | . . . . . . Terminal Hacks 7 | . . 1 2 1 3 Record 2 | . . . . . 2 Prototype ID Bank 1 | . . . 1 . . Open Door 2 | . . 1 . 1 . Hauler Manifests 1 | . . . 1 . . EX-Prototype ID Bank 1 | . . . . . 1 Fabricator Hacks . | . . . . . . Repair Station Hacks . | . . . . . . Recycling Unit Hacks . | . . . . . . Scanalyzer . | . . . . . . Garrison Access Hacks . | . . . . . . Unauthorized Hacks . | . . . . . . Terminals . | . . . . . . Fabricators . | . . . . . . Repair Stations . | . . . . . . Recycling Units . | . . . . . . Scanalyzers . | . . . . . . Garrison Access . | . . . . . . Data Cores Recovered . | . . . . . . Used . | . . . . . . Hacking Detections 1 | . . . 1 . . Full Trace Events . | . . . . . . Feedback Events . | . . . . . . Feedback Blocked . | . . . . . . Robot Schematics Acquired . | . . . . . . Robots Built . | . . . . . . Authchips . | . . . . . . Time . | . . . . . . Total Robot Build Rating . | . . . . . . Part Schematics Acquired . | . . . . . . Parts Built . | . . . . . . Authchips . | . . . . . . Time . | . . . . . . Total Part Build Rating . | . . . . . . Parts Repaired . | . . . . . . Time . | . . . . . . Parts Recycled . | . . . . . . Recycled Matter . | . . . . . . Retrieved Matter . | . . . . . . Retrieved Components . | . . . . . . Parts Scanalyzed . | . . . . . . Part Schematics Acquired . | . . . . . . Parts Damaged . | . . . . . . Bothacking | -11 -10 -10 -9 -9 -9 ------------ Run | Jun Mat Min Mat Min Exi Used RIF Installer . | . . . . . . Robots Hacked . | . . . . . . Non-combat . | . . . . . . Combat . | . . . . . . Robot Hacks Applied . | . . . . . . Relay Couplers Released . | . . . . . . Fabnet Peak Effective % . | . . . . . . Robots Rewired . | . . . . . . Allies Hacked . | . . . . . . Hacks Repelled . | . . . . . . Allies | -11 -10 -10 -9 -9 -9 -------- Run | Jun Mat Min Mat Min Exi Total Allies 2 | . . 2 . . . Largest Group 2 | . . 2 2 . . Highest-Rated Group 38 | . . 38 38 . . Highest-Rated Ally 31 | . . 31 31 . . Total Orders . | . . . . . . Ally Attacks 9 | . . . 9 . . Total Damage 146 | . . . 146 . . Kills 2 | . . . 2 . . Allies Corrupted . | . . . . . . Allies Melted . | . . . . . . Intel | -11 -10 -10 -9 -9 -9 ------- Run | Jun Mat Min Mat Min Exi Robot Analysis Total . | . . . . . . Derelict Logs Recovered 2 | . . 1 . 1 . Drone Launches . | . . . . . . Drone Recoveries . | . . . . . . Exploration | -11 -10 -10 -9 -9 -9 ------------- Run | Jun Mat Min Mat Min Exi Turns Passed 4090 | 28 235 1223 1024 314 1266 Spaces Moved 1665 | 36 126 348 446 157 552 Core 48 | 36 11 . . . 1 Treads 624 | . 115 348 161 . . Legs 993 | . . . 285 157 551 Wheels . | . . . . . . Hover . | . . . . . . Flight . | . . . . . . Fastest Speed 50 | 50 50 160 120 190 190 Average Speed 173 | 50 150 160 172 190 190 Slowest Speed 350 | 50 160 160 190 260 350 Overloaded Moves . | . . . . . . Propulsion Burnouts . | . . . . . . Robots Hopped 1 | . . . . 1 . Cave-ins Triggered . | . . . . . . Time Travels 1 | . . . . . 1 Exploration Rate (%) 43 | 2 34 79 39 36 69 Regions Visited 5 Branch Regions 3 Pre-discovered Areas 2 | . . 1 . . 1 Known Exits Taken . | . . . . . . Unknown Exits Taken 5 | 1 1 1 1 1 . Scrap Searched 1 | . . 1 . . . Spaces Dug . | . . . . . . Terrain Destroyed 27 | . . . . . 27 Melee . | . . . . . . Projectile . | . . . . . . AOE 27 | . . . . . 27 Terrain Rammed . | . . . . . . Walls Destroyed . | . . . . . . Machines Disabled . | . . . . . . Actions | -11 -10 -10 -9 -9 -9 --------- Run | Jun Mat Min Mat Min Exi Total 2582 | 44 163 921 593 167 694 Wait 634 | . 15 521 43 2 53 Move 1658 | 35 125 347 445 154 552 Hop 1 | . . . . 1 . Pick Up 49 | 6 7 3 21 2 10 Fast Attach 5 | 2 . . 1 2 . Attach 25 | 1 4 3 4 . 13 Detach 3 | . . . . . 3 Swap 16 | . 3 . 9 1 3 Drop 31 | . 4 . 14 3 10 Fire 151 | . 5 47 55 2 42 Melee . | . . . . . . Ram 8 | . . . . . 8 Kick 1 | . . . 1 . . Crush . | . . . . . . Escape Stasis . | . . . . . . Rewire . | . . . . . . Trap . | . . . . . . Miscellaneous . | . . . . . . Route ------- -11/Junkyard -10/Materials -10/Mines -9/Materials (discovered 3 exits: [*Mat] / *Min / [*Sto]) -9/Mines -9/Exiles (discovered 1 exit: [*Min]) History --------- Turn | Location | Event 7 | -11/Junkyard | Discovered new exit (range 16) 29 | -11/Junkyard | Entered Materials 196 | -10/Materials | Discovered new exit (range 11) 264 | -10/Materials | Entered Mines 289 | -10/Mines | Met a Derelict bent on vengeance 305 | -10/Mines | Build established: Mutant 440 | -10/Mines | Excavation squad dispatched 440 | -10/Mines | A large section of the Mines collapsed 690 | -10/Mines | Excavation squad dispatched 940 | -10/Mines | Excavation squad dispatched 1190 | -10/Mines | Excavation squad dispatched 1209 | -10/Mines | Learned location of Zion (-7) 1371 | -10/Mines | Found the Drone Emporium 1377 | -10/Mines | Found Prototype Device 1419 | -10/Mines | Discovered new exit (range 7) 1487 | -10/Mines | Entered Materials 1487 | -9/Materials | Accompanied by 2 allies 1487 | -9/Materials | Evolved 2 slots: Utility x1, Weapon x1 1492 | -9/Materials | Led the pair of lost Derelicts to an unsafe place 1572 | -9/Materials | Discovered new exit (range 12) 2053 | -9/Materials | Discovered new exit (range 14) 2486 | -9/Materials | Discovered new exit (range 7) 2511 | -9/Materials | Entered Mines 2529 | -9/Mines | YI-UF0 nonchalantly dropped a Grenade Launcher on the ground 2619 | -9/Mines | Build established: Scavenger-Tank 2699 | -9/Mines | Met a Derelict who couldn't figure out how to use a Trap Extractor 2700 | -9/Mines | Learned location of 1 exit from Lower Caves 2818 | -9/Mines | Deemed a non-threat by the Exiles lab entrance 2818 | -9/Mines | Discovered new exit (range 5) 2825 | -9/Mines | Entered Exiles 2871 | -9/Exiles | Met 8R-AWN 2903 | -9/Exiles | Met EX-HEX 2955 | -9/Exiles | Met EX-BIN 2977 | -9/Exiles | Aligned with FarCom system 2979 | -9/Exiles | Given EX-Vault access code 3001 | -9/Exiles | Build established: Tank 3042 | -9/Exiles | Opened EX-Vault 3055 | -9/Exiles | Found Flying Fortress v7 3094 | -9/Exiles | Warned to stay clear of 0b10 Research branches 3243 | -9/Exiles | Discovered new exit (range 14) 3265 | -9/Exiles | Identified Decoy Drone Bay 3538 | -9/Exiles | Found Gui. Plasma Cannon 3544 | -9/Exiles | Found Chronowheel 3645 | -9/Exiles | Met EX-DEC 3894 | -9/Exiles | Attacked by the Exiles 4045 | -9/Exiles | Core integrity fell below 50% 4060 | -9/Exiles | Activated Chronowheel 4060 | -9/Exiles | Spacetime reconverged on an earlier point 4084 | -9/Exiles | Core integrity fell below 20% 4088 | -9/Exiles | Lost 15 parts (1p4n4u6w) 4091 | -9/Exiles | Destroyed by 8R-AWN with 8R-AWN's Boregun Last Messages --------------- 04074_ HV Slug penetrates Earth. 04076_ The unstable cave ceiling collapses. 04077_ Slammed into 8R-AWN. 04078_ HV Slug penetrates Machine. 04078_ Penetrated by HV Slug. 04078_ HV Slug penetrates Wall. 04081_ Slammed into 8R-AWN. 04083_ Penetrated by HV Slug. 04083_ HV Slug penetrates Wall. 04083_ Penetrated by HV Slug. 04083_ HV Slug penetrates Wall. 04084_ Slammed into 8R-AWN. 04086_ The unstable cave ceiling collapses. 04087_ Penetrated by HV Slug. 04087_ HV Slug penetrates Machine. 04087_ Penetrated by HV Slug. 04088_ Slammed into 8R-AWN. 04091_ Penetrated by HV Slug. 04091_ HV Slug penetrates Earth. 04091_ Penetrated by HV Slug. Map ----- +----------------------------------------------------+ | """#??????????????????????????????????? | | """#??????????????????????????????????? | | """#??????????????????????????????????? | | """"??????????????????????????????????? | | """#??????????????????????????????????? | | "X" """"??????????????????????????????????? | | """ #??????????????????????????????????? | | """""""""#??????????????????????????????????? | | ###########??????????????????????????????????? | | #????????????????????????????????????????????? | | #????????????????????????????????????????????? | | ##???????????????????????????????????????????? | | ##???####"######????????????????????????????? | | #####"" " """"##???????????????????????????? | | " " " """"##??????????????????????????? | | " " #??????????????????????????? | | """#??????????????????????????? | | a"#???????????#####??????????? | | " "##?????????##" #??????????? | | "###???????#" #??????????? | | "" "#??????##" ##?????????? | | #""" ###??### ###???????? | | #####""" ;#### ######### | | ????##""" ! ## #""""## | | ?????#"""" # | | ????##"" @ ## | | ?####"""" g #### | | ##""" #?#"""""#### | | """ " ##?#######??#### | | ######??????????????## | | #????????????????????? | | " #????????????????????? | | "" """ ##????????????????????? | | ##""" " " ""#" #????????????????????? | | ######""" """##"" ####????????????????????? | | #????###""""###### ### ????????????????????????? | | ####???######??### ????????????????????????? | | "!#?????????????######????????????????????????? | | !#???????????????????????????????????????????? | | "#???????????????????????????????????????????? | | !""!"#???????????????????????????????????????????? | | ######???????????????????????????????????????????? | | ?????????????????????????????????????????????????? | | ?????????????????????????????????????????????????? | | ?????????????????????????????????????????????????? | | ?????????????????????????????????????????????????? | | ?????????????????????????????????????????????????? | | ?????????????????????????????????????????????????? | | ?????????????????????????????????????????????????? | | ?????????????????????????????????????????????????? | +----------------------------------------------------+ Best States ------------- Heat Dissipation 28 Energy Generation 14 Energy Capacity 250 Matter Stores 300 Matter Capacity 500 Sight Range 16 Terrain Scan Density 10 Armor Coverage 375 Resistance: EM 15 Evasion (%) 55 Recoil Reduction 2 Item Schematics ----------------- None Robot Schematics ------------------ None Fabricated ------------ Nothing Alien Tech Used ----------------- None Achievements -------------- None Challenges ------------ None Game ------ Seed ZhirovSniperSabre Manual? 0 Play Time 00:19:33 Cumulative 83.3 hours Start 2023.10.22 @ 22:16:25 End 2023.10.22 @ 22:38:06 Sessions 1 Manual Loads 0 Difficulty Rogue Special Mode None Game No. 141 Rogue 138 Adventurer 3 Explorer 0 Win Type - Total 0 Types 0/0/0/0/0/0/0/0/0 Lore% 34 Gallery% 52 Achievement% 37 Wizard Run 0 Options --------- ASCII 0 Keyboard 0 Movement Mouse Keybinds 0 Fullscreen 2 Font 18/SmallcapsGlow Map View 76x50 Tactical HUD 1 Map Filters NONE Filters NONE Steam 1 RUN: 4087ba08-e4bf-406c-8c81-26b857ab248c